Unix NetHack Version 5.0.0-0 post-release - last build Jun 10 2026 00:39:30 (3ee93aec679c4c4259841fe613dc97188e26a321,branch:main).

Game began 2026-07-04 21:54:27, ended 2026-07-04 22:06:18.

HomunculusP, neutral male human Tourist

                   ---------           |
                  ..........--------- .--------
                      -....G.....)@...........-
                         --.....f..`..-------
                          ---........--
                           |....<.|..|
                           |....|.----
                           --...|..
                            .....-..
                           ...... ...
                           -.%.... ....
                           .............
                          ...............
                         .............|.-
                        .......?.....----
                        .....->......|
                       ...... ..|.|.--
                      |.--.---.------
                      -- --  ---
HomunculusP the Rambler     St:12 Dx:15 Co:11 In:11 Wi:9 Ch:17  Neutral
Dlvl:3  $:577 HP:0(10) Pw:2(2) AC:9  Xp:1 T:980 

Latest messages:
 The door opens.
 You miss the jackal.
 The jackal bites!
 You miss the jackal.
 The jackal bites!
 You hit the jackal.
 The kitten bites the jackal.
 The jackal is killed!
 The door opens.
 You see here a food ration.
 The door resists!
 The door opens.
 You are beginning to feel weak.
 The kitten bites the newt.
 The newt is killed!
 The kitten misses it.
 The kitten bites the newt.
 The newt is killed!
 You faint from lack of food.
 You regain consciousness.
 You faint from lack of food.
 You regain consciousness.
 You faint from lack of food.
 You regain consciousness.
 You faint from lack of food.
 You regain consciousness.
 You swap places with your kitten.
 You attack thin air.
 You faint from lack of food.
 You regain consciousness.
 You see here a food ration.
 You learn more about your items by comparing them.
 b - an uncursed food ration (12 in total).
 What do you want to eat? [bcde or ?*] *
 This food really hits the spot!
 You finish eating the food ration.
 You descend the stairs.
 The gnome picks up a slime mold.
 You hear crashing rock.
 You hear crashing rock.
 With great effort you move the boulder.
 The gnome lord shoots 2 crossbow bolts!
 You are hit by the 1st crossbow bolt!
 You are hit by the 2nd crossbow bolt!
 You die...
 Do you want your possessions identified? [ynq] (y) n
 Do you want to see your attributes? [ynq] (y) n
 Do you want an account of creatures vanquished? [ynaq] (y) n
 Do you want to see your conduct and achievements? [ynq] (y) n
 Do you want to see the dungeon overview? [ynq] (y) n

Inventory:
 Coins    ('$')
  $ - 577 gold pieces
 Weapons  (')')
  a - 36 +2 darts (at the ready)
  p - a +1 orcish dagger (weapon in right hand)
  t - a +0 orcish dagger
 Armor    ('[')
  q - an uncursed +0 orcish helm (being worn)
  h - an uncursed +0 Hawaiian shirt with a giant eel motif (being worn)
 Comestibles  ('%')
  d - an uncursed cream pie
  b - 11 uncursed food rations
  e - an uncursed pancake
  c - 2 uncursed eggs
 Scrolls  ('?')
  s - an uncursed scroll of destroy armor
  g - 4 uncursed scrolls of magic mapping
 Potions  ('!')
  f - 2 uncursed potions of extra healing
  r - 2 uncursed potions of healing
 Tools    ('(')
  j - an uncursed credit card
  i - an expensive camera (0:47)
  k - an uncursed tin opener
 Gems/Stones  ('*')
  u - an uncursed worthless piece of red glass
  n - an uncursed worthless piece of violet glass
  o - 3 uncursed worthless pieces of white glass

HomunculusP the Tourist's attributes:

Background:
 You were a Rambler, a level 1 male human Tourist.
 You were neutral, on a mission for The Lady
 who was opposed by Blind Io (lawful) and Offler (chaotic).
 You were right-handed.
 You were in the Gnomish Mines, on level 3.
 You entered the dungeon 980 turns ago.
 It was nighttime.
 You had 13 experience points, 7 more were needed to attain level 2.

Basics:
 You had 0 out of 10 hit points.
 You had both energy points (spell power).
 Your armor class was 9.
 Your wallet contained 577 zorkmids.
 Autopickup was off.

Final Characteristics:
 Your strength was 12 (limit:18/100).
 Your dexterity was 15 (limit:18).
 Your constitution was 11 (limit:18).
 Your intelligence was 11 (limit:18).
 Your wisdom was 9 (limit:18).
 Your charisma was 17 (limit:18).

Final Status:
 You weren't hungry.
 You were unencumbered.
 You were wielding a dagger.
 You were unskilled in dagger.

Final Attributes:
 You were aligned.
 You are dead.

Miscellaneous:
 You didn't encounter any bones levels.
 Total elapsed playing time was 11 minutes and 20 seconds.

Major events:
 Turn
    1: HomunculusP the neutral male human Tourist entered the dungeon
  969: entered the Gnomish Mines
  980: killed by a crossbow bolt

You didn't know any spells.

Skills:
 Fighting Skills
   bare handed combat [Unskilled]
   two weapon combat  [Unskilled]
   riding             [Unskilled]
 Weapon Skills
   dagger             [Unskilled]
   knife              [Unskilled]
   axe                [Unskilled]
   pick-axe           [Unskilled]
   short sword        [Unskilled]
   broadsword         [Unskilled]
   long sword         [Unskilled]
   two-handed sword   [Unskilled]
   saber              [Unskilled]
   mace               [Unskilled]
   morning star       [Unskilled]
   flail              [Unskilled]
   hammer             [Unskilled]
   quarterstaff       [Unskilled]
   polearms           [Unskilled]
   spear              [Unskilled]
   trident            [Unskilled]
   lance              [Unskilled]
   bow                [Unskilled]
   sling              [Unskilled]
   crossbow           [Unskilled]
   dart               [Basic]
   shuriken           [Unskilled]
   boomerang          [Unskilled]
   whip               [Unskilled]
   unicorn horn       [Unskilled]
 Spellcasting Skills
   divination spells  [Unskilled]
   enchantment spells [Unskilled]
   escape spells      [Unskilled]

Voluntary challenges:
 Character rerolling was not enabled.
 You followed a strict vegan diet.
 You were an atheist.
 You never genocided any monsters.
 You never polymorphed an object.
 You never changed form.
 You used no wishes.
Achievement:
 You entered the Gnomish Mines.

 The Dungeons of Doom: levels 1 to 2
    Level 1:
       A fountain.
    Level 2:
       Stairs down to The Gnomish Mines.
 The Gnomish Mines:
    Level 3: <- You were here.
       Final resting place for
          you, killed by a crossbow bolt.


Vanquished creatures:
  2 jackals
  a fox
  a kobold
  4 goblins
  2 grid bugs
  3 newts
13 creatures vanquished.

No species were genocided or became extinct.

Game over:
                       ----------
                      /          \
                     /    REST    \
                    /      IN      \
                   /     PEACE      \
                  /                  \
                  |   HomunculusP    |
                  |      577 Au      |
                  |   killed by a    |
                  |  crossbow bolt   |
                  |                  |
                  |                  |
                  |       2026       |
                 *|     *  *  *      | *
        _________)/\\_//(\/(/\)/\//\/|_)_______

Aloha HomunculusP the Tourist...

You died in The Gnomish Mines on dungeon level 3 with 211 points,
and 577 pieces of gold, after 980 moves.
You were level 1 with a maximum of 10 hit points when you died.

